 Dungeon Crawl Stone Soup version 0.30.0-29-ga12c61a403 (webtiles) character file.

Game seed: 3105839969958060564

43327 qw the Severer (level 14, -2/91 HPs)
             Began as a Gargoyle Fighter on June 4, 2023.
             Was a High Priest of Okawaru.
             Slain by a dire elephant (20 damage)
             ... on level 5 of the Lair of Beasts.
             The game lasted 00:08:24 (15412 turns).

qw the Severer (Gargoyle Fighter)                  Turns: 15412, Time: 00:08:24

Health: -2/91      AC: 46    Str: 23    XL:     14   Next: 23%
Magic:  21/21      EV: 11    Int: 11    God:    Okawaru [*****.]
Gold:   894        SH:  7    Dex: 15    Spells: 13/13 levels left

rFire   . . .        Y - +4 war axe
rCold   + . .        c - +0 buckler
rNeg    + . .        x - +3 plate armour {rC+}
rPois   inf          m - +2 helmet
rElec   +            t - +1 cloak
rCorr   .            u - +0 pair of gloves
SInv    .            s - +2 pair of boots {Stlth+}
Will    +....        n - amulet of faith Stlth
                     e - +6 ring of dexterity
HPRegen 0.35/turn    q - +4 ring of protection
MPRegen 0.17/turn

%: faith
@: heroic, flying
A: sickness immunity, AC +10, big wings, negative energy resistance 1,
electricity resistance, torment resistance 1, petrification resistance
a: Renounce Religion, Heroism, Finesse, Duel


You were on level 5 of the Lair of Beasts.
You worshipped Okawaru.
Okawaru was extremely pleased with you.
You visited 3 branches of the dungeon, and saw 16 of its levels.

You collected 1072 gold pieces.
You spent 178 gold pieces at shops.


Innate Abilities, Weirdness & Mutations

You are immune to sickness and miasma.
Your stone body is resilient. (AC +10)
You are immune to poison.
Your large and strong wings let you fly.
You resist negative energy. (rN+)
You are resistant to electric shocks. (rElec)
You are resistant to unholy torment.
You are immune to petrification.


   Skills:
 + Level 11.6(16.6) Fighting
 - Level 15.0(20.0) Axes
 - Level 5.0(10.0) Throwing
 - Level 11.0(16.0) Armour
 - Level 3.0(8.0) Dodging
 - Level 7.0(12.0) Shields
 - Level 10.0 Invocations


You had 13 spell levels left.
You didn't know any spells.
Your spell library was empty.

Inventory:

Hand Weapons
 j - a +0 demon whip of venom
 Y - a +4 war axe (weapon)
Missiles
 i - 10 boomerangs
 v - a javelin (quivered)
Armour
 c - a +0 buckler (worn)
 m - a +2 helmet (worn)
 o - +0 fire dragon scales
 s - a +2 pair of boots of stealth (worn)
 t - a +1 cloak (worn)
 u - a +0 pair of gloves (worn)
 x - a +3 plate armour of cold resistance (worn)
Jewellery
 b - a ring of fire
 e - a +6 ring of dexterity (left hand)
 g - a ring of fire
 n - an amulet of faith (around neck)
 q - a +4 ring of protection (right hand)
 r - a ring of ice
 y - an amulet of reflection
Scrolls
 p - 8 scrolls of identify
Potions
 a - 4 potions of curing
 d - 4 potions of might
 f - 3 potions of resistance
 h - 4 potions of attraction
 k - a potion of cancellation
 l - 3 potions of haste
 w - 2 potions of lignification
 z - a potion of mutation

Dungeon Overview and Level Annotations

Branches:
Dungeon (10/15)            Temple (1/1) D:5            Lair (5/5) D:10
 Shoals (0/4) Lair:2        Snake (0/4) Lair:2        Slime (0/5) Lair:5
    Orc (0/2) D:10

Altars:
Ashenzari
Cheibriados
Dithmenos
Elyvilon
Fedhas
Gozag
Hepliaklqana
Kikubaaqudgha
Makhleb
Nemelex Xobeh
Okawaru
Qazlal
Ru
Sif Muna
Trog
Uskayaw
Vehumet
Wu Jian
Xom
Yredelemnul
Zin
The Shining One
Jiyva

Shops:
D:4 *

Annotations:
D:6 2 transporters
D:8 4 runed translucent doors
Lair:4 2 transporters


Message History

A freezing mist starts to gather...
A dire elephant simulacrum comes into view.
You block the dire elephant's attack. The dire elephant trunk-slaps you.
The dire elephant tramples you but does no damage.
The dire elephant trunk-slaps you.
You slash the dire elephant!
The dire elephant is heavily wounded.
You slash the dire elephant! You block the dire elephant's attack.
The dire elephant trunk-slaps you but does no damage.
You slash the dire elephant!
The dire elephant is heavily wounded.
You hit the dire elephant.
You block the dire elephant's attack. x2
The necromancer gestures wildly while chanting.
The necromancer binds the souls of nearby monsters.
You hit the dire elephant.
The dire elephant is severely wounded.
You hit the dire elephant simulacrum. You completely miss the dire elephant.
The dire elephant tramples you!
You hold your ground!
You block the dire elephant's attack. The dire elephant tramples you!
You hold your ground!
The dire elephant trunk-slaps you but does no damage.
You slash the dire elephant!
The dire elephant is severely wounded.
You hit the dire elephant but do no damage.
You hit the dire elephant simulacrum. The dire elephant closely misses you.
The dire elephant trunk-slaps you but does no damage.
You block the dire elephant simulacrum's attack.
The dire elephant simulacrum trunk-slaps you but does no damage.
You slash the dire elephant!
The dire elephant is almost dead.
You hit the dire elephant simulacrum. You hit the dire elephant.
You block the dire elephant's attack. The dire elephant closely misses you.
You hit the dire elephant but do no damage.
The dire elephant is almost dead.
You slash the dire elephant! You slash the dire elephant simulacrum!
The dire elephant tramples you!!
You die...

####77.......7########'%'########
##7P..P###.................#
#77###...#####8P}.8#####P.
####.###~.###8P8###..###
####...P#~~~~.#######8....#
#+#...P####.~~~~#8...8#/....#
#.#%####.8#.~~~~'...??#|....#
#...#.....'Z.Y~~'...(:#8....)
#8..#....8##@Yp##8...8##...##
####''#''######### ############
.P#.........# .........P###
7..P....P## 77.##.#..# ## ######


You could see 2 dire elephants, a necromancer and a dire elephant simulacrum.

Vanquished Creatures
  Kirke (Lair:4)
  A dire elephant (Lair:5)
  Fannar (Lair:2)
  2 hydras
  Erica (Lair:3)
  3 two-headed ogres
  4 death yaks
  A spectral death yak (Lair:5)
  Amaemon (Lair:2)
  A skyshark (Lair:5)
  A spectral anaconda (Lair:5)
  Pikel (D:5)
  2 necromancers (Lair:5)
  19 elephants
  5 black mambas
  Joseph (D:10)
  An orange demon (Lair:2)
  7 cane toads
  An unseen horror (D:10)
  4 rime drakes
  9 komodo dragons
  A polar bear (Lair:2)
  2 trolls
  A hornet (D:9)
  A spectral elephant (Lair:5)
  Prince Ribbit (D:8)
  18 blink frogs
  Sigmund (D:3)
  4 wyverns
  7 hogs (Lair:4)
  17 yaks
  A basilisk (Lair:1)
  A steam dragon (D:9)
  A death yak simulacrum (Lair:5)
  3 wargs (D:10)
  Edmund (D:5)
  A naga (Lair:2)
  17 water moccasins
  7 orc warriors
  3 sky beasts
  3 black bears
  An ogre (D:6)
  7 wolves
  3 centaurs
  3 elephant skeletons (Lair:5)
  A lemure (D:5)
  A phantom (D:5)
  5 kobold brigands
  11 bullfrogs
  A cane toad simulacrum (Lair:5)
  3 scorpions
  A wight (D:9)
  5 killer bees (D:9)
  8 howler monkeys
  A quasit (D:4)
  2 hounds
  A jelly (Lair:5)
  10 orc priests
  5 iguanas
  Ijyb (D:4)
  2 sleepcaps
  13 orc wizards
  7 hell rats (Lair:1)
  A statue (D:9)
  3 gnolls (D:4)
  3 adders
  7 shadow imps
  7 white imps
  An ufetubus (D:4)
  4 worms
  A dart slug (D:5)
  36 orcs
  9 ball pythons
  9 endoplasms
  2 giant cockroaches
  3 goblins
  5 hobgoblins
  2 jackals (D:1)
  5 quokkas
  2 bats
  16 kobolds
  4 rats
  A spectral orc (D:10)
371 creatures vanquished.

Vanquished Creatures (others)
  An elephant (Lair:5)
1 creature vanquished.

Grand Total: 372 creatures vanquished

Notes
Turn   | Place    | Note
-------+----------+-------------------------------------------
     0 | D:1      | qw the Gargoyle Fighter began the quest for the Orb.
     0 | D:1      | Reached XP level 1. HP: 14/14 MP: 1/1
     0 | D:1      | 0 ||| qw: Version: 0.2-a-107-g4668610
     0 | D:1      | 0 ||| qw: Game counter: 1311
     0 | D:1      | 0 ||| qw: Always use a shield: true
     0 | D:1      | 0 ||| qw: God list: Okawaru
     0 | D:1      | 0 ||| qw: Allow faded altars: false
     0 | D:1      | 0 ||| qw: Do Orc after D:15 true
     0 | D:1      | 0 ||| qw: Do second Lair branch before Depths: true
     0 | D:1      | 0 ||| qw: Lair rune preference: random
     0 | D:1      | 0 ||| qw: Plans: Normal, Zot:1-4, Slime:5, God:TSO, Crypt,
                  | Tomb, Abyss, Pan, Hells, Win
     0 | D:1      | 0 ||| PLANNING D:1-11
    58 | D:1      | Reached skill level 2 in Axes
    96 | D:1      | Reached XP level 2. HP: 18/19 MP: 2/2
   363 | D:1      | Found a faded altar of an unknown god.
   578 | D:1      | 578 ||| UPGRADING to +0 helmet.
   583 | D:1      | 583 ||| UPGRADING to +6 ring of dexterity.
   584 | D:1      | 584 ||| READING 3 scrolls labelled OGEMNE SYZUSM.
   585 | D:1      | 585 ||| READING 2 scrolls of enchant armour.
   585 | D:1      | 585 ||| ENCHANTING +0 helmet.
   586 | D:1      | 586 ||| READING scroll of enchant armour.
   586 | D:1      | 586 ||| ENCHANTING +1 helmet.
   587 | D:1      | 587 ||| READING scroll labelled MYEDDI PIR HIY.
   588 | D:1      | 588 ||| READING scroll labelled MANOTE KUAHYNYCW.
   598 | D:1      | 598 ||| DRINKING 2 green potions.
   791 | D:2      | 791 ||| Stepping ~*~*~tactically~*~*~ (stealth).
   793 | D:2      | 793 ||| Stepping ~*~*~tactically~*~*~ (hiding).
   794 | D:2      | 794 ||| Stepping ~*~*~tactically~*~*~ (hiding).
   798 | D:2      | 798 ||| Stepping ~*~*~tactically~*~*~ (hiding).
   937 | D:2      | Reached skill level 3 in Axes
  1018 | D:2      | Reached XP level 3. HP: 23/23 MP: 3/3
  1324 | D:2      | 1324 ||| Stepping ~*~*~tactically~*~*~ (stealth).
  1447 | D:2      | 1447 ||| READING 2 scrolls labelled RUKIJ ATWOC.
  1448 | D:2      | 1448 ||| READING scroll labelled XUL TILOHUNAWK.
  1449 | D:2      | 1449 ||| READING scroll labelled ZOSAFFE BIOTE.
  1450 | D:2      | 1450 ||| DRINKING 3 viscous orange potions.
  1451 | D:2      | 1451 ||| DROPPING scroll of vulnerability.
  1504 | D:3      | Reached skill level 1 in Dodging
  1576 | D:3      | Noticed Sigmund
  1593 | D:3      | Killed Sigmund
  1594 | D:3      | Reached skill level 3 in Throwing
  1594 | D:3      | Reached XP level 4. HP: 8/28 MP: 4/4
  1594 | D:3      | Reached XP level 5. HP: 9/32 MP: 5/5
  2000 | D:3      | 2000 ||| Stepping ~*~*~tactically~*~*~ (stealth).
  2048 | D:3      | 2048 ||| UPGRADING to +1 pair of boots of stealth.
  2053 | D:3      | 2053 ||| UPGRADING to amulet of faith.
  2058 | D:3      | 2058 ||| READING scroll labelled GAASTU CISI.
  2059 | D:3      | 2059 ||| READING scroll labelled KONIJU PUROO.
  2060 | D:3      | 2060 ||| DRINKING 2 smoky green potions.
  2070 | D:4      | Found Jiuboip's Assorted Antiques.
  2142 | D:4      | 2142 ||| BUYING 3 scrolls of identify (138 gold).
  2142 | D:4      | Bought 3 scrolls of identify for 138 gold pieces
  2142 | D:4      | 2142 ||| BUYING bubbling ruby potion (20 gold).
  2142 | D:4      | Bought a bubbling ruby potion for 20 gold pieces
  2142 | D:4      | 2142 ||| BUYING fuming amethyst potion (20 gold).
  2142 | D:4      | Bought a fuming amethyst potion for 20 gold pieces
  2142 | D:4      | 2142 ||| SHOPLISTING gold wand (92 gold, have 20).
  2142 | D:4      | 2142 ||| SHOPLISTING plate armour (529 gold, have 20).
  2142 | D:4      | 2142 ||| SHOPLISTING potion of resistance (230 gold, have
                  | 20).
  2172 | D:4      | 2172 ||| Stepping ~*~*~tactically~*~*~ (hiding).
  2196 | D:4      | 2196 ||| Stepping ~*~*~tactically~*~*~ (stealth).
  2210 | D:4      | 2210 ||| Stepping ~*~*~tactically~*~*~ (stealth).
  2216 | D:4      | 2216 ||| Stepping ~*~*~tactically~*~*~ (stealth).
  2232 | D:4      | 2232 ||| Stepping ~*~*~tactically~*~*~ (stealth).
  2233 | D:4      | Noticed a black bear
  2238 | D:4      | Killed a black bear
  2239 | D:4      | Reached skill level 4 in Axes
  2239 | D:4      | Reached XP level 6. HP: 36/37 MP: 6/6
  2356 | D:4      | Noticed Ijyb
  2377 | D:4      | HP: 9/37 [+2 spectral club[Ijyb] (2)]
  2379 | D:4      | Killed Ijyb
  2493 | D:4      | 2493 ||| DROPPING +0 whip.
  2615 | D:4      | Found a white marble altar of Elyvilon.
  2817 | D:4      | Reached skill level 5 in Axes
  2817 | D:4      | Reached XP level 7. HP: 41/41 MP: 7/7
  2860 | D:4      | 2860 ||| Stepping ~*~*~tactically~*~*~ (stealth).
  2878 | D:4      | 2878 ||| Stepping ~*~*~tactically~*~*~ (stealth).
  2880 | D:4      | 2880 ||| Stepping ~*~*~tactically~*~*~ (hiding).
  3004 | D:4      | 3004 ||| Stepping ~*~*~tactically~*~*~ (stealth).
  3006 | D:4      | 3006 ||| Stepping ~*~*~tactically~*~*~ (stealth).
  3204 | D:4      | 3204 ||| UPGRADING to +0 fire dragon scales.
  3214 | D:4      | 3214 ||| UPGRADING to +0 cloak.
  3219 | D:4      | 3219 ||| UPGRADING to +4 ring of protection.
  3220 | D:4      | 3220 ||| READING scroll labelled YFRIOG ALIZUPN.
  3221 | D:4      | 3221 ||| DRINKING 2 orange potions.
  3222 | D:4      | 3222 ||| READING 6 scrolls of identify.
  3222 | D:4      | 3222 ||| IDENTIFYING grey potion
  3223 | D:4      | 3223 ||| READING 5 scrolls of identify.
  3223 | D:4      | 3223 ||| IDENTIFYING bubbling green potion
  3224 | D:4      | 3224 ||| READING 4 scrolls of identify.
  3224 | D:4      | 3224 ||| IDENTIFYING ruby potion
  3225 | D:4      | 3225 ||| READING 3 scrolls of identify.
  3225 | D:4      | 3225 ||| IDENTIFYING bubbling ruby potion
  3226 | D:4      | 3226 ||| DRINKING potion of experience.
  3226 | D:4      | Reached skill level 12 in Axes
  3226 | D:4      | Reached XP level 8. HP: 48/48 MP: 8/8
  3227 | D:4      | 3227 ||| READING 2 scrolls of identify.
  3227 | D:4      | 3227 ||| IDENTIFYING fuming amethyst potion
  3228 | D:4      | 3228 ||| DROPPING potion of flight.
  3229 | D:4      | 3229 ||| DROPPING potion of brilliance.
  3230 | D:4      | 3230 ||| DROPPING potion of degeneration.
  3255 | D:5      | Entered Level 5 of the Dungeon
  3258 | D:5      | 3258 ||| Stepping ~*~*~tactically~*~*~ (hiding).
  3384 | D:5      | Found an ornate altar of the Wu Jian Council.
  3437 | D:5      | Found a sparkling altar of Nemelex Xobeh.
  3514 | D:5      | 3514 ||| Stepping ~*~*~tactically~*~*~ (hiding).
  3515 | D:5      | 3515 ||| Stepping ~*~*~tactically~*~*~ (hiding).
  3664 | D:5      | Noticed Pikel
  3679 | D:5      | Killed Pikel
  3680 | D:5      | Reached XP level 9. HP: 48/55 MP: 9/9
  3891 | D:5      | Noticed a troll
  3900 | D:5      | Killed a troll
  3967 | D:5      | 3967 ||| Stepping ~*~*~tactically~*~*~ (hiding).
  3970 | D:5      | 3970 ||| Stepping ~*~*~tactically~*~*~ (hiding).
  4087 | D:5      | Noticed Edmund
  4099 | D:5      | Killed Edmund
  4102 | D:5      | 4102 ||| DROPPING +2 spectral club.
  4321 | D:5      | Reached skill level 6 in Fighting
  4407 | D:5      | Found a staircase to the Ecumenical Temple.
  4408 | D:5      | 4408 ||| PLANNING TEMPLE
  4408 | D:5      | 4408 ||| DROPPING +0 scale mail.
  4409 | D:5      | 4409 ||| DROPPING +1 scale mail of cold resistance.
  4410 | D:5      | 4410 ||| UPGRADING to +0 plate armour.
  4420 | D:5      | 4420 ||| READING 2 scrolls of identify.
  4420 | D:5      | 4420 ||| IDENTIFYING black potion
  4421 | D:5      | 4421 ||| DROPPING potion of ambrosia.
  4430 | Temple   | Entered the Ecumenical Temple
  4431 | Temple   | 4431 ||| PLANNING OKAWARU WORSHIP
  4469 | Temple   | Became a worshipper of Warmaster Okawaru
  4469 | Temple   | 4469 ||| PLANNING D:1-11
  4511 | D:5      | 4511 ||| Stepping ~*~*~tactically~*~*~ (stealth).
  4512 | D:5      | 4512 ||| Stepping ~*~*~tactically~*~*~ (stealth).
  4573 | D:6      | Found a shimmering blue altar of Sif Muna.
  4585 | D:6      | Found a transporter.
  4588 | D:6      | Noticed a kobold demonologist
  4589 | D:6      | 4589 ||| Stepping ~*~*~tactically~*~*~ (stealth).
  4598 | D:6      | 4598 ||| Stepping ~*~*~tactically~*~*~ (hiding).
  4601 | D:6      | 4601 ||| Stepping ~*~*~tactically~*~*~ (hiding).
  4602 | D:6      | 4602 ||| Stepping ~*~*~tactically~*~*~ (hiding).
  4629 | D:6      | 4629 ||| READING scroll of enchant armour.
  4629 | D:6      | 4629 ||| ENCHANTING +1 pair of boots of stealth.
  4684 | D:6      | Reached * piety under Okawaru
  4736 | D:6      | 4736 ||| Stepping ~*~*~tactically~*~*~ (hiding).
  4738 | D:6      | 4738 ||| INVOKING Heroism.
  4739 | D:6      | Found a transporter.
  4753 | D:6      | 4753 ||| DRINKING 4 potions of curing.
  4753 | D:6      | 4753 ||| (to cure confusion)
  4754 | D:6      | 4754 ||| DRINKING 3 potions of curing.
  4754 | D:6      | 4754 ||| (to cure confusion)
  4990 | D:6      | 4990 ||| Stepping ~*~*~tactically~*~*~ (hiding).
  5178 | D:6      | Reached skill level 6 in Armour
  5198 | D:6      | 5198 ||| INVOKING Heroism.
  5205 | D:6      | Reached skill level 1 in Invocations
  5390 | D:6      | Reached XP level 10. HP: 60/60 MP: 11/11
  5464 | D:6      | 5464 ||| READING scroll labelled MEYLUFR AFIGANG.
  5465 | D:6      | 5465 ||| READING scroll labelled JEOCVI GYUG.
  5616 | D:7      | Found a sacrificial altar of Ru.
  6036 | D:7      | 6036 ||| INVOKING Heroism.
  6040 | D:7      | Reached skill level 3 in Invocations
  6158 | D:7      | Found a stormy altar of Qazlal.
  6394 | D:7      | 6394 ||| READING 2 scrolls labelled VICHOL EFUMI.
  6395 | D:7      | 6395 ||| READING scroll labelled YSUIRGH MOMEMN.
  6400 | D:7      | 6400 ||| READING 3 scrolls of identify.
  6400 | D:7      | 6400 ||| IDENTIFYING silvery potion
  6401 | D:7      | 6401 ||| READING 2 scrolls of identify.
  6401 | D:7      | 6401 ||| IDENTIFYING emerald potion
  6402 | D:7      | 6402 ||| DROPPING scroll of blinking.
  6403 | D:7      | 6403 ||| DROPPING potion of invisibility.
  6404 | D:7      | 6404 ||| DROPPING potion of berserk rage.
  6425 | D:8      | Found a burning altar of Makhleb.
  6543 | D:8      | Found a huge runed translucent gate.
  6543 | D:8      | Found a huge runed translucent gate.
  6543 | D:8      | Found a huge runed translucent gate.
  6543 | D:8      | Found a huge runed translucent gate.
  6543 | D:8      | Noticed a manticore
  6543 | D:8      | Noticed a manticore
  6544 | D:8      | Noticed a death yak
  6544 | D:8      | Noticed a death yak
  6557 | D:8      | Noticed a two-headed ogre
  6558 | D:8      | 6558 ||| INVOKING Heroism.
  6560 | D:8      | 6560 ||| Stepping ~*~*~tactically~*~*~ (hiding).
  6561 | D:8      | 6561 ||| Stepping ~*~*~tactically~*~*~ (hiding).
  6562 | D:8      | 6562 ||| Stepping ~*~*~tactically~*~*~ (hiding).
  6567 | D:8      | Killed a two-headed ogre
  6567 | D:8      | Reached ** piety under Okawaru
  6640 | D:8      | 6640 ||| READING scroll of enchant weapon.
  6640 | D:8      | 6640 ||| ENCHANTING +1 war axe.
  6684 | D:8      | Found a shadowy altar of Dithmenos.
  6685 | D:8      | Noticed Prince Ribbit
  6703 | D:8      | Killed Prince Ribbit
  6763 | D:8      | Found an ancient bone altar of Kikubaaqudgha.
  7049 | D:8      | 7049 ||| UPGRADING to +1 cloak.
  7059 | D:8      | 7059 ||| DROPPING +0 cloak.
  7060 | D:8      | 7060 ||| DROPPING ring of magical power.
  7061 | D:8      | 7061 ||| READING scroll labelled QYOLIO SIETSI.
  7123 | D:9      | 7123 ||| Stepping ~*~*~tactically~*~*~ (stealth).
  7124 | D:9      | 7124 ||| Stepping ~*~*~tactically~*~*~ (stealth).
  7138 | D:9      | Noticed a two-headed ogre
  7139 | D:9      | 7139 ||| INVOKING Heroism.
  7144 | D:9      | Killed a two-headed ogre
  7144 | D:9      | Reached *** piety under Okawaru
  7163 | D:9      | 7163 ||| Stepping ~*~*~tactically~*~*~ (stealth).
  7169 | D:9      | 7169 ||| Stepping ~*~*~tactically~*~*~ (stealth).
  7197 | D:9      | 7197 ||| Stepping ~*~*~tactically~*~*~ (stealth).
  7199 | D:9      | 7199 ||| Stepping ~*~*~tactically~*~*~ (stealth).
  7206 | D:9      | 7206 ||| Stepping ~*~*~tactically~*~*~ (stealth).
  7227 | D:9      | 7227 ||| Stepping ~*~*~tactically~*~*~ (stealth).
  7228 | D:9      | 7228 ||| Stepping ~*~*~tactically~*~*~ (stealth).
  7229 | D:9      | 7229 ||| Stepping ~*~*~tactically~*~*~ (stealth).
  7231 | D:9      | 7231 ||| Stepping ~*~*~tactically~*~*~ (stealth).
  7234 | D:9      | 7234 ||| Stepping ~*~*~tactically~*~*~ (stealth).
  7235 | D:9      | 7235 ||| Stepping ~*~*~tactically~*~*~ (stealth).
  7248 | D:9      | 7248 ||| Stepping ~*~*~tactically~*~*~ (stealth).
  7249 | D:9      | 7249 ||| Stepping ~*~*~tactically~*~*~ (stealth).
  7255 | D:9      | 7255 ||| Stepping ~*~*~tactically~*~*~ (hiding).
  7261 | D:9      | 7261 ||| INVOKING Heroism.
  7267 | D:9      | 7267 ||| Stepping ~*~*~tactically~*~*~ (stealth).
  7353 | D:9      | 7353 ||| Stepping ~*~*~tactically~*~*~ (stealth).
  7373 | D:9      | 7373 ||| INVOKING Heroism.
  7376 | D:9      | Reached XP level 11. HP: 30/68 MP: 11/14
  7529 | D:9      | 7529 ||| READING scroll of enchant weapon.
  7529 | D:9      | 7529 ||| ENCHANTING +2 war axe.
  7809 | D:9      | 7809 ||| DRINKING 3 glowing golden potions.
  7847 | D:9      | 7847 ||| READING 2 scrolls of identify.
  7847 | D:9      | 7847 ||| IDENTIFYING amethyst potion
  7975 | D:9      | 7975 ||| INVOKING Heroism.
  8107 | D:9      | Found a radiant altar of Vehumet.
  8108 | D:9      | 8108 ||| INVOKING Heroism.
  8267 | D:9      | Found a snail-covered altar of Cheibriados.
  8325 | D:10     | Entered Level 10 of the Dungeon
  8356 | D:10     | Found a bloodstained altar of Trog.
  8388 | D:10     | 8388 ||| INVOKING Heroism.
  8483 | D:10     | 8483 ||| Stepping ~*~*~tactically~*~*~ (hiding).
  8498 | D:10     | Found a staircase to the Lair.
  8499 | D:10     | 8499 ||| Stepping ~*~*~tactically~*~*~ (hiding).
  8500 | D:10     | 8500 ||| Stepping ~*~*~tactically~*~*~ (hiding).
  8507 | D:10     | 8507 ||| INVOKING Heroism.
  8536 | D:10     | 8536 ||| Stepping randomly (disturbance).
  8553 | D:10     | 8553 ||| Stepping ~*~*~tactically~*~*~ (stealth).
  8561 | D:10     | 8561 ||| Stepping ~*~*~tactically~*~*~ (hiding).
  8562 | D:10     | 8562 ||| Stepping ~*~*~tactically~*~*~ (hiding).
  8564 | D:10     | 8564 ||| Stepping ~*~*~tactically~*~*~ (hiding).
  8567 | D:10     | 8567 ||| Stepping ~*~*~tactically~*~*~ (hiding).
  8691 | D:10     | Found a staircase to the Orcish Mines.
  8693 | D:10     | 8693 ||| INVOKING Heroism.
  8737 | D:10     | 8737 ||| Stepping ~*~*~tactically~*~*~ (stealth).
  8842 | D:10     | Noticed a two-headed ogre
  8843 | D:10     | 8843 ||| INVOKING Heroism.
  8853 | D:10     | Killed a two-headed ogre
  8853 | D:10     | Reached **** piety under Okawaru
  8854 | D:10     | Reached skill level 9 in Fighting
  8956 | D:10     | 8956 ||| Stepping ~*~*~tactically~*~*~ (hiding).
  8992 | D:10     | Noticed Joseph
  9001 | D:10     | Killed Joseph
  9006 | D:10     | 9006 ||| FLEEEEING.
  9043 | D:10     | 9043 ||| FLEEEEING.
  9044 | D:10     | 9044 ||| FLEEEEING.
  9046 | D:10     | 9046 ||| FLEEEEING.
  9047 | D:10     | 9047 ||| FLEEEEING.
  9318 | D:10     | Found a basalt altar of Yredelemnul.
  9382 | D:10     | 9382 ||| PLANNING LAIR
  9382 | D:10     | 9382 ||| UPGRADING to +3 plate armour of cold resistance.
  9392 | D:10     | 9392 ||| DROPPING +0 plate armour.
  9393 | D:10     | 9393 ||| DROPPING amulet of the acrobat.
  9402 | Lair:1   | Entered Level 1 of the Lair of Beasts
  9403 | Lair:1   | 9403 ||| INVOKING Heroism.
  9564 | Lair:1   | 9564 ||| Stepping ~*~*~tactically~*~*~ (stealth).
  9593 | Lair:1   | 9593 ||| INVOKING Heroism.
  9729 | Lair:1   | 9729 ||| INVOKING Heroism.
  9883 | Lair:1   | Reached skill level 9 in Armour
 10106 | Lair:1   | Reached skill level 6 in Invocations
 10206 | Lair:1   | 10206 ||| INVOKING Heroism.
 10216 | Lair:1   | Received a gift from Okawaru
 10217 | Lair:1   | Reached skill level 6 in Shields
 10459 | Lair:1   | 10459 ||| UPGRADING to +0 pair of gloves.
 10478 | Lair:2   | Found a staircase to the Shoals.
 10481 | Lair:2   | 10481 ||| INVOKING Heroism.
 10515 | Lair:2   | 10515 ||| INVOKING Heroism.
 10543 | Lair:2   | Noticed a seven-headed hydra
 10544 | Lair:2   | 10544 ||| INVOKING Heroism.
 10549 | Lair:2   | 10549 ||| SWAPPING to +2 flail of protection.
 10556 | Lair:2   | Killed a seven-headed hydra
 10557 | Lair:2   | Reached skill level 3 in Dodging
 10557 | Lair:2   | Reached XP level 12. HP: 41/76 MP: 14/17
 10557 | Lair:2   | 10557 ||| SWAPPING to +3 war axe.
 10774 | Lair:2   | Found a staircase to the Snake Pit.
 10778 | Lair:2   | 10778 ||| INVOKING Heroism.
 10792 | Lair:2   | HP: 11/76 [blink frog (10)]
 10793 | Lair:2   | 10793 ||| DRINKING potion of heal wounds.
 10794 | Lair:2   | 10794 ||| Stepping ~*~*~tactically~*~*~ (water).
 11006 | Lair:2   | Noticed Amaemon
 11007 | Lair:2   | 11007 ||| Stepping ~*~*~tactically~*~*~ (hiding).
 11010 | Lair:2   | 11010 ||| INVOKING Heroism.
 11021 | Lair:2   | Killed Amaemon
 11061 | Lair:2   | 11061 ||| DROPPING +2 flail of protection.
 11067 | Lair:2   | Noticed Erica
 11068 | Lair:2   | 11068 ||| Stepping ~*~*~tactically~*~*~ (hiding).
 11069 | Lair:2   | 11069 ||| Stepping ~*~*~tactically~*~*~ (hiding).
 11070 | Lair:2   | 11070 ||| INVOKING Heroism.
 11172 | Lair:2   | 11172 ||| Invisibility monster not found???
 11263 | Lair:2   | Noticed Fannar
 11264 | Lair:2   | 11264 ||| Stepping ~*~*~tactically~*~*~ (hiding).
 11267 | Lair:2   | 11267 ||| INVOKING Heroism.
 11281 | Lair:2   | Killed Fannar
 11322 | Lair:2   | 11322 ||| Stepping ~*~*~tactically~*~*~ (stealth).
 11676 | Lair:3   | 11676 ||| Stepping ~*~*~tactically~*~*~ (stealth).
 11695 | Lair:3   | Reached ***** piety under Okawaru
 11707 | Lair:3   | Received a gift from Okawaru
 11884 | Lair:3   | Reached skill level 9 in Invocations
 11906 | Lair:3   | 11906 ||| INVOKING Heroism.
 12000 | Lair:3   | 12000 ||| INVOKING Heroism.
 12033 | Lair:3   | 12033 ||| Stepping ~*~*~tactically~*~*~ (stealth).
 12037 | Lair:3   | 12037 ||| INVOKING Heroism.
 12038 | Lair:3   | 12038 ||| INVOKING Finesse.
 12040 | Lair:3   | 12040 ||| DRINKING 4 potions of curing.
 12040 | Lair:3   | 12040 ||| (to cure confusion)
 12043 | Lair:3   | 12043 ||| Stepping ~*~*~tactically~*~*~ (hiding).
 12064 | Lair:3   | Killed Erica
 12064 | Lair:3   | Received a gift from Okawaru
 12065 | Lair:3   | Reached skill level 13 in Axes
 12070 | Lair:3   | 12070 ||| Stepping ~*~*~tactically~*~*~ (stealth).
 12081 | Lair:3   | Reached XP level 13. HP: 61/82 MP: 16/20
 12352 | Lair:3   | 12352 ||| INVOKING Heroism.
 12379 | Lair:3   | Received a gift from Okawaru
 12562 | Lair:3   | 12562 ||| Stepping ~*~*~tactically~*~*~ (stealth).
 12564 | Lair:3   | 12564 ||| INVOKING Heroism.
 12565 | Lair:3   | 12565 ||| INVOKING Finesse.
 12781 | Lair:3   | 12781 ||| READING 5 scrolls of identify.
 12781 | Lair:3   | 12781 ||| IDENTIFYING cyan potion
 12832 | Lair:4   | 12832 ||| INVOKING Heroism.
 12848 | Lair:4   | 12848 ||| Stepping ~*~*~tactically~*~*~ (stealth).
 12851 | Lair:4   | Received a gift from Okawaru
 12857 | Lair:4   | 12857 ||| Stepping ~*~*~tactically~*~*~ (stealth).
 12868 | Lair:4   | 12868 ||| Stepping ~*~*~tactically~*~*~ (stealth).
 12869 | Lair:4   | 12869 ||| Stepping ~*~*~tactically~*~*~ (stealth).
 12870 | Lair:4   | 12870 ||| Stepping ~*~*~tactically~*~*~ (stealth).
 12909 | Lair:4   | 12909 ||| Stepping ~*~*~tactically~*~*~ (stealth).
 12913 | Lair:4   | 12913 ||| READING scroll of enchant weapon.
 12913 | Lair:4   | 12913 ||| ENCHANTING +3 war axe.
 13041 | Lair:4   | Found a transporter.
 13049 | Lair:4   | 13049 ||| Stepping ~*~*~tactically~*~*~ (stealth).
 13052 | Lair:4   | 13052 ||| Stepping ~*~*~tactically~*~*~ (stealth).
 13054 | Lair:4   | 13054 ||| Stepping ~*~*~tactically~*~*~ (stealth).
 13063 | Lair:4   | 13063 ||| Stepping ~*~*~tactically~*~*~ (stealth).
 13119 | Lair:4   | 13119 ||| INVOKING Heroism.
 13127 | Lair:4   | Reached skill level 14 in Axes
 13127 | Lair:4   | 13127 ||| Stepping ~*~*~tactically~*~*~ (stealth).
 13138 | Lair:4   | 13138 ||| INVOKING Heroism.
 13159 | Lair:4   | 13159 ||| Stepping ~*~*~tactically~*~*~ (stealth).
 13165 | Lair:4   | 13165 ||| INVOKING Heroism.
 13204 | Lair:4   | Noticed Kirke
 13205 | Lair:4   | 13205 ||| INVOKING Heroism.
 13211 | Lair:4   | 13211 ||| Stepping ~*~*~tactically~*~*~ (stealth).
 13212 | Lair:4   | 13212 ||| FLEEEEING.
 13213 | Lair:4   | 13213 ||| Stepping ~*~*~tactically~*~*~ (stealth).
 13214 | Lair:4   | 13214 ||| DRINKING 2 potions of cancellation.
 13232 | Lair:4   | Killed Kirke
 13259 | Lair:4   | 13259 ||| FLEEEEING.
 13260 | Lair:4   | 13260 ||| FLEEEEING.
 13261 | Lair:4   | 13261 ||| FLEEEEING.
 13263 | Lair:4   | 13263 ||| FLEEEEING.
 13264 | Lair:4   | 13264 ||| FLEEEEING.
 13265 | Lair:4   | 13265 ||| FLEEEEING.
 13266 | Lair:4   | 13266 ||| FLEEEEING.
 13267 | Lair:4   | 13267 ||| FLEEEEING.
 13268 | Lair:4   | 13268 ||| FLEEEEING.
 13269 | Lair:4   | 13269 ||| INVOKING Heroism.
 13365 | Lair:4   | 13365 ||| INVOKING Heroism.
 13423 | Lair:4   | 13423 ||| INVOKING Heroism.
 13468 | Lair:4   | Found a transporter.
 13924 | Lair:4   | 13924 ||| READING scroll labelled XOEL MUXZYMURGH.
 14025 | Lair:4   | 14025 ||| READING scroll labelled WEECKE RAAT.
 14033 | Lair:5   | Entered Level 5 of the Lair of Beasts
 14034 | Lair:5   | 14034 ||| INVOKING Heroism.
 14040 | Lair:5   | 14040 ||| SWAPPING to +0 demon whip of venom.
 14048 | Lair:5   | 14048 ||| SWAPPING to +4 war axe.
 14119 | Lair:5   | 14119 ||| Stepping ~*~*~tactically~*~*~ (stealth).
 14131 | Lair:5   | Found a staircase to the Slime Pits.
 14131 | Lair:5   | Found a viscous altar of Jiyva.
 14160 | Lair:5   | 14160 ||| Stepping ~*~*~tactically~*~*~ (hiding).
 14161 | Lair:5   | 14161 ||| Stepping ~*~*~tactically~*~*~ (hiding).
 14182 | Lair:5   | 14182 ||| INVOKING Heroism.
 14603 | Lair:5   | 14603 ||| INVOKING Heroism.
 14736 | Lair:5   | Noticed a dire elephant
 14736 | Lair:5   | Noticed a dire elephant
 14736 | Lair:5   | Noticed a dire elephant
 14785 | Lair:5   | Received a gift from Okawaru
 14796 | Lair:5   | Gained mutation: Your large and strong wings let you fly.
                  | [Gargoyle growth]
 14796 | Lair:5   | Reached XP level 14. HP: 81/90 MP: 21/21
 14858 | Lair:5   | Received a gift from Okawaru
 14980 | Lair:5   | Reached skill level 15 in Axes
 15160 | Lair:5   | 15160 ||| INVOKING Heroism.
 15161 | Lair:5   | 15161 ||| INVOKING Finesse.
 15169 | Lair:5   | Received a gift from Okawaru
 15230 | Lair:5   | 15230 ||| INVOKING Heroism.
 15391 | Lair:5   | 15391 ||| INVOKING Heroism.
 15406 | Lair:5   | Killed a dire elephant
 15409 | Lair:5   | HP: 17/91 [dire elephant (9)]
 15412 | Lair:5   | Slain by a dire elephant

Levels and vault maps discovered:
D:1:      dpeg_arrival_shelter, layout_loops_ring,
          chequers_ecumenical_altar_twisty
D:2:      layout_loops_ring
D:3:      layout_basic, st_stairs_7, minivault_19, uniq_sigmund
D:4:      layout_gridville, mainiacjoe_overflow_catwalk, serial_shops,
          nicolae_stop_n_shop_2, serial_demonic, serial_demonic_f,
          serial_demonic_d, serial_demonic_g, serial_demonic_e,
          serial_demonic_b, serial_demonic_e, serial_demonic_a,
          serial_demonic_g, serial_demonic_c, serial_demonic_b,
          amcnicky_mini_corridor_feature, kennysheep_potato, uniq_ijyb
D:5:      minmay_thick_lines, layout_basic, kennysheep_mini,
          nicolae_wu_jian_wuxing_cycle, temple_hall, uniq_pikel, uniq_edmund
D:6:      gammafunk_wand_slinger, layout_gridville,
          nicolae_sif_muna_condensation, chequers_decorated_corner
D:7:      layout_basic, nicolae_ru_sacrificial_ziggurat,
          nicolae_qazlal_eye_of_the_storm
D:8:      lemuel_bear_cage, layout_cave_pools, nicolae_dithmenos_shadow_blocks,
          lemuel_tele_altar, nicolae_overflow_hidden_temple, uniq_prince_ribbit1
D:9:      layout_cave_pods, chei_slow_surprise, vehumet_statue,
          minmay_starry_boxes
D:10:     layout_irregular_city, lightli_temple_of_fire,
          yredelemnul_forgotten_temple_becter, erik_lair_orcish_takeover,
          orc_david_3, uniq_joseph
Temple:   nicolae_temple_ecumenical_triangle
Lair:1:   layout_cave_pods, hibernation_bobbens
Lair:2:   layout_concentric_octagons, shoals_dummy_entry,
          guppyfry_snake_entry_island, beast_lair_carwin_9,
          serial_bayou_shore_b, lemuel_fruit_tree, infiniplex_staircase_pool_2,
          serial_bayou_shore_b, uniq_erica, uniq_fannar, uniq_amaemon
Lair:3:   layout_regular_city
Lair:4:   gammafunk_cloud_chamber, layout_regular_city, uniq_kirke
Lair:5:   due_jungle_book, layout_regular_city, nicolae_slime_entry_slimehenge

Skill      XL: |  1  2  3  4  5  6  7  8  9 10 11 12 13 14 |
---------------+-------------------------------------------+-----
Axes           | 2 3 4 5 12 13 14 15 | 15.0
Dodging        | 1 2 3 |  3.0
Throwing       | 3 4 5 |  5.0
Fighting       | 4 5 6 7 9 10 11 | 11.6
Armour         | 6 7 9 10 11 | 11.0
Invocations    | 1 4 6 10 | 10.0
Shields        | 4 6 7 |  7.0

Action                     |  1- 3 |  4- 6 |  7- 9 | 10-12 | 13-15 || total
---------------------------+-------+-------+-------+-------+-------++-------
  Melee: War axe           |    79 |    66 |   199 |   569 |   399 ||  1312
         Flail             |       |       |       |     7 |       ||     7
         Demon whip        |       |       |       |       |     7 ||     7
  Throw: Boomerang         |     8 |     2 |    47 |    80 |    80 ||   217
         Javelin           |     8 |    10 |    26 |    33 |    30 ||   107
 Invoke: Heroism           |       |       |     2 |    25 |    16 ||    43
         Finesse           |       |       |       |     1 |     2 ||     3
    Use: Scroll            |     8 |     2 |     8 |    10 |     4 ||    32
         Potion            |     2 |     1 |     4 |     3 |     1 ||    11
   Stab: Distracted        |       |       |       |     1 |       ||     1
 Armour: Scale mail        |    39 |    98 |    13 |       |       ||   150
         Fire dragon scale |       |       |    48 |       |       ||    48
         Plate armour      |       |       |    36 |   452 |   290 ||   778
  Dodge: Dodged            |    21 |    74 |    52 |   211 |   108 ||   466
  Block: Buckler           |    10 |    40 |    31 |   143 |    98 ||   322

Table legend:
 A = Non-vault XP
 B = Vault XP
 C = Vault XP percentage of total XP
 D = Non-vault monster count
 E = Vault monster count
 F = Vault count percentage of total count
                 A         B        C        D         E       F
            +---------+---------+-------+---------+---------+-------
      Total |   41673 |   19445 |  31.8 |     277 |      94 |  25.3
            +---------+---------+-------+---------+---------+-------
        D:1 |      20 |       0 |   0.0 |      12 |       0 |   0.0
        D:2 |      21 |       0 |   0.0 |      13 |       0 |   0.0
        D:3 |      21 |     230 |  91.6 |       5 |       3 |  37.5
        D:4 |     340 |     186 |  35.4 |      21 |      14 |  40.0
        D:5 |     438 |    1359 |  75.6 |      12 |       9 |  42.9
        D:6 |    1343 |       0 |   0.0 |      32 |       0 |   0.0
        D:7 |     741 |       0 |   0.0 |      24 |       0 |   0.0
        D:8 |    1282 |     255 |  16.6 |       8 |       1 |  11.1
        D:9 |    2600 |     509 |  16.4 |      22 |       5 |  18.5
       D:10 |    1996 |    1514 |  43.1 |      13 |      18 |  58.1
     Lair:1 |    3667 |       0 |   0.0 |      23 |       0 |   0.0
     Lair:2 |    3448 |    2711 |  44.0 |      11 |       9 |  45.0
     Lair:3 |   13640 |     842 |   5.8 |      42 |       1 |   2.3
     Lair:4 |    7276 |    2802 |  27.8 |      26 |       8 |  23.5
     Lair:5 |    4840 |    9037 |  65.1 |      13 |      26 |  66.7
            +---------+---------+-------+---------+---------+-------
